 Dungeon Crawl Stone Soup version 0.29.1-15-g9cfb28693d (webtiles) character file.

Game seed: 6523982051836321763

70 KyoPewz the Firebug (level 4, -8/25 HPs)
             Began as a Deep Elf Fire Elementalist on Mar 1, 2023.
             Was a Follower of Yredelemnul.
             Killed by divine providence
             ... invoked by an orc priest
              (12 damage)
             ... on level 2 of the Dungeon.
             The game lasted 00:06:30 (1839 turns).

KyoPewz the Firebug (Deep Elf Fire Elementalist)    Turns: 1839, Time: 00:06:31

Health: -8/25      AC:  5    Str:  7    XL:     4   Next: 4%
Magic:  11/11      EV: 12    Int: 20    God:    Yredelemnul [*.....]
Gold:   75         SH:  5    Dex: 15    Spells: 6/9 levels left

rFire   . . .      SeeInvis .   g - +0 short sword (venom)
rCold   . . .      Faith    .   (no shield)
rNeg    . . .      Spirit   .   a - +0 robe
rPois   .          Reflect  +   (no helmet)
rElec   .          Harm     .   h - +2 cloak
rCorr   .          Rampage  .   (no gloves)
Will    .....                   (no boots)
Stlth   ++........              j - amulet of reflection
HPRegen 0.08/turn               (no ring)
MPRegen 0.12/turn               (no ring)

@: no status effects
A: no striking features
a: Renounce Religion, Recall Undead Harvest


You were on level 2 of the Dungeon.
You worshipped Yredelemnul.
Yredelemnul was noncommittal.
You visited 1 branch of the dungeon, and saw 2 of its levels.

You collected 75 gold pieces.

Inventory:

Hand Weapons
 d - a +0 whip
 e - a +0 dagger
 g - a +0 short sword of venom (weapon)
Armour
 a - a +0 robe (worn)
 h - a +2 cloak (worn)
 i - a +0 kite shield
Jewellery
 j - an amulet of reflection (around neck)
Scrolls
 c - 5 scrolls of identify {unknown}
 f - a scroll of noise {unknown}
 k - a scroll of brand weapon {unknown}
Potions
 b - a potion of magic


   Skills:
 * Level 1.2 Fighting
 * Level 1.4 Short Blades
 - Level 2.4 Dodging
 - Level 2.4 Stealth
 - Level 3.3 Spellcasting
 - Level 2.0 Conjurations
 - Level 3.8 Fire Magic
 + Level 0.8 Invocations


You had 6 spell levels left.
You knew the following spells:

 Your Spells              Type           Power      Damage    Failure   Level
a - Foxfire               Conj/Fire      60%        2x1d7     4%          1
b - Scorch                Fire           36%        2d7       4%          2

Your spell library contained the following spells:

 Spells                   Type           Power      Damage    Failure   Level
 Conjure Flame            Conj/Fire      15%        6-21      12%         3
 Inner Flame              Hex/Fire       10%        N/A       19%         3
 Gell's Gravitas          Tloc           3%         N/A       38%         3
 Lesser Beckoning         Tloc           3%         N/A       38%         3
 Teleport Other           Tloc           3%         N/A       38%         3
 Flame Wave               Conj/Fire      15%        2d7       38%         4
 Passage of Golubria      Tloc           3%         N/A       80%         4
 Silence                  Hex/Air        1%         N/A       98%         5
 Lehudib's Crystal Spear  Conj/Erth      3%         10d3      100%        8


Dungeon Overview and Level Annotations

Branches:
Dungeon (2/15)

Altars:
Yredelemnul


Message History

The hobgoblin hits you but does no damage.
You hit the hobgoblin.
The hobgoblin is moderately wounded.
You block the hobgoblin's attack.
You hit the hobgoblin but do no damage.
The hobgoblin is severely wounded.
The hobgoblin hits you but does no damage.
You hit the hobgoblin.
You kill the hobgoblin! 2 orcs come into view.
An orc priest comes into view. It is wielding a +0 club.
The orc shouts!
A ball python comes into view.
An orc comes into view. It is wielding a +0 mace.
The orc shouts!
You swap places.
An orc comes into view. It is wielding a +0 hand axe.
You closely miss the orc priest. The orc priest closely misses you.
You hit the orc priest but do no damage.
The orc priest is poisoned.
The orc priest hits you with a +0 club.
You take 2 damage, and have 20/25 hp.
You hit the orc priest.
The orc priest looks as sick as possible!
The orc priest is moderately wounded.
The orc priest hits you with a +0 club. The orc hits you but does no damage.
You take 3 damage, and have 17/25 hp.
You hit the orc priest.
The orc priest looks as sick as possible!
The orc priest is severely wounded.
The orc priest invokes the aid of Beogh against you.
Beogh smites you!
Ouch! That really hurt!
* * * LOW HITPOINT WARNING * * *
The orc hits you but does no damage.
You take 13 damage, and have 4/25 hp.
MASSIVE DAMAGE!!
You swap places.
The orc priest invokes the aid of Beogh against you.
Beogh smites you!
You die...
Your body rises from the dead as a mindless zombie.

##.##
#.....# ...
#...#
###.###
#...#
#######.##
#...#
.........#
#...#
.######..#
### #...#
#..# ....
#...####.#
#..# .....
..........
#ZZ##o.....
..........
#Z@Zooo....
..........
#..###So.$..
....#.####
#.## .....
....#.# #.
.... ....#.#
.. ### ....#
#.. ......
#.. #.[....
#.# ....####


You could see an orc priest (extremely poisoned, ally target), 4 orcs, a ball
python, 2 friendly adder zombies, a friendly quokka zombie and a friendly kobold
zombie.

Vanquished Creatures
  2 adders (D:2)
  A worm (D:2)
  A dart slug (D:1)
  A ball python (D:1)
  2 bats (D:1)
  3 endoplasms
  3 hobgoblins
  A quokka (D:2)
  3 goblins (D:1)
  4 kobolds
  A rat (D:1)
22 creatures vanquished.

Vanquished Creatures (collateral kills)
  An adder (D:2)
  2 bats
  2 endoplasms (D:1)
  A hobgoblin (D:1)
  2 kobolds
  A quokka (D:1)
  A ball python (D:1)
  A frilled lizard (D:1)
  3 rats
14 creatures vanquished.

Vanquished Creatures (others)
  A bat zombie (D:1)
  An endoplasm zombie (D:2)
  35 foxfires
37 creatures vanquished.

Grand Total: 73 creatures vanquished

Notes
Turn   | Place    | Note
-------+----------+-------------------------------------------
     0 | D:1      | KyoPewz the Deep Elf Fire Elementalist began the quest for
                  | the Orb.
     0 | D:1      | Reached XP level 1. HP: 10/10 MP: 6/6
    10 | D:1      | Found a faded altar of an unknown god.
    31 | D:1      | Prayed at the altar of an unknown god.
    31 | D:1      | Became a worshipper of Yredelemnul the Dark
    31 | D:1      | Reached * piety under Yredelemnul
   379 | D:1      | Reached XP level 2. HP: 14/15 MP: 6/8
   386 | D:1      | Learned a level 2 spell: Scorch
   558 | D:1      | Reached ** piety under Yredelemnul
  1066 | D:1      | Reached *** piety under Yredelemnul
  1080 | D:1      | Reached XP level 3. HP: 20/20 MP: 9/9
  1376 | D:2      | Reached skill level 1 in Short Blades
  1414 | D:2      | Reached skill level 1 in Fighting
  1759 | D:2      | Reached XP level 4. HP: 25/25 MP: 11/11
  1839 | D:2      | Killed from afar by an orc priest

Illustrated notes

Levels and vault maps discovered:
D:1:      minmay_arrival_doors, layout_basic,
          ebering_ecumenical_altar_petrified, minmay_misc_feat_square
D:2:      layout_loops_cross

Skill      XL: |  1  2  3 |
---------------+----------+-----
Conjurations   | 2 |  2.0
Short Blades   | 1 |  1.4
Fighting       | 1 |  1.2
Dodging        | |  2.4
Stealth        | |  2.4
Spellcasting   | |  3.3
Fire Magic     | |  3.8
Invocations    | |  0.8

Action                   |  1- 3 |  4- 6 || total
-------------------------+-------+-------++-------
Melee: Dagger            |     4 |       ||     4
       Whip              |     2 |       ||     2
       Short sword       |    25 |    12 ||    37
 Cast: Foxfire           |    21 |       ||    21
 Stab: Sleeping          |     2 |       ||     2
Armor: Robe              |    10 |     5 ||    15
Dodge: Dodged            |    22 |     3 ||    25
Block: Other             |       |     3 ||     3
